 Dungeon Crawl Stone Soup version 0.20.1-1-g8b1a95d (webtiles) character file.

297 Linguinho the Covert (level 6, 0/46 HPs)
             Began as a Vampire Assassin on Oct 29, 2017.
             Killed by divine providence
             ... invoked by an orc priest
              (13 damage)
             ... while paralysed by an orc wizard
             ... on level 4 of the Dungeon.
             The game lasted 00:06:57 (3345 turns).

Linguinho the Covert (Vampire Assassin)             Turns: 3345, Time: 00:06:58

Health: 0/46       AC:  3    Str: 10    XL:     6   Next: 12%
Magic:  6/6        EV:  2    Int: 13    God:
Gold:   206        SH:  0    Dex: 18    Spells: 5/5 levels left

rFire    . . .     SeeInvis +   a - +2 dagger
rCold    + . .     Gourm    .   (no shield)
rNeg     + + .     Faith    .   c - +0 robe
rPois    +         Spirit   .   (no helmet)
rElec    .         Reflect  .   d - +0 cloak
rCorr    .         Harm     .   (no gloves)
MR       .....                  (no boots)
Stlth    +++++.....             (no amulet)
Regen    0.1/turn               (no ring)
MPRegen  0.1/turn               (no ring)

@: paralysed, regenerating slowly
A: fangs 3, see invisible, unbreathing
a: Bat Form


You were on level 4 of the Dungeon.
You were very thirsty.

You visited 1 branch of the dungeon, and saw 4 of its levels.

You collected 206 gold pieces.

Inventory:

Hand Weapons
 a - a +2 dagger (weapon)
 b - a +0 blowgun
Missiles
 e - 31 poisoned needles
 f - 2 curare-tipped needles
Armour
 c - a +0 robe (worn)
 d - a +0 cloak (worn)
 r - a +0 helmet
 s - a +0 large shield
Jewellery
 v - an uncursed amulet of regeneration {unknown}
Scrolls
 h - a scroll of magic mapping {unknown}
 i - 4 scrolls of identify {unknown}
 m - a scroll of random uselessness {unknown}
 n - a scroll of enchant armour {unknown}
 o - 2 scrolls of immolation {unknown}
 t - a scroll of noise {unknown}
 w - a scroll of amnesia {unknown}
 x - a scroll of teleportation {unknown}
 y - a scroll of blinking {unknown}
Potions
 g - 18 potions of blood
 j - a potion of flight {unknown}
 k - a potion of might {unknown}
 l - 2 potions of curing {unknown}
 p - a potion of haste {unknown}
 q - 3 potions of magic {unknown}
Books
 u - a book of Callings

   Spells                             Type                      Level
   a - Summon Small Mammal            Summoning                    1
   b - Call Imp                       Summoning                    2
   c - Call Canine Familiar           Summoning                    3
   d - Summon Guardian Golem          Hexes/Summoning              3
   e - Summon Lightning Spire         Summoning/Air                4
   f - Summon Ice Beast               Ice/Summoning                4


   Skills:
 + Level 2.6 Fighting
 + Level 3.4 Short Blades
 + Level 1.7 Throwing
 + Level 2.3 Dodging
 + Level 9.4 Stealth


You had 5 spell levels left.
You didn't know any spells.

Dungeon Overview and Level Annotations

Branches:
Dungeon (4/15)
 Temple: D:4-7

Altars:


Innate Abilities, Weirdness & Mutations

You heal slowly.
You have razor-sharp teeth.
You have supernaturally acute eyesight. (SInv)
You can survive without breathing.


Message History

A jackal comes into view.
You are feeling very thirsty.
The orc wizard shouts!
The jackal barks! x2; You hear a shout!
The orc wizard zaps a wand.
You suddenly lose the ability to move!
It is a wand of paralysis (?/24).
An orc priest comes into view. It is wielding a trident.
The orc priest invokes the aid of Beogh against you.
Beogh smites you!
The orc wizard zaps a wand.
You resist with some effort. The jackal bites you. The jackal bites you.
The jackal barely misses you.
An orc wizard comes into view. It is wielding a dagger.
The jackal bites you but does no damage.
The orc wizard casts a spell.
The orc wizard flickers and vanishes for a moment.
The jackal bites you.
* * * LOW HITPOINT WARNING * * *
The jackal bites you but does no damage.
The orc priest invokes the aid of Beogh against you.
Beogh smites you!
You die... .....# . ....##...# .. ....##.#.# o.o

...##.#. .. #..##..#
#.##.###o.##..
.......#..##.#
#.....h@..##.#
##....h......##
#...........#.#
..............#
#.............#
##............#
#....#.......#
#...##...#...#)))))).))
#. ....###.##)))).)))


You could see an orc priest, 2 orc wizards and 2 jackals.

Vanquished Creatures
  Sigmund (D:2)
  An orc wizard (D:3)
  2 adders (D:3)
  2 oozes (D:1)
  A worm (D:3)
  2 dart slugs
  4 leopard geckos
  2 orcs
  9 bats
  3 giant cockroaches
  4 goblins
  9 hobgoblins
  5 jackals
  A quokka (D:2)
  A ball python (D:2)
  7 frilled lizards
  10 kobolds
  8 rats
72 creatures vanquished.

Notes
Turn   | Place    | Note
-------+----------+-------------------------------------------
     0 | D:1      | Linguinho the Vampire Assassin began the quest for the Orb.
     0 | D:1      | Reached XP level 1. HP: 16/16 MP: 1/1
    41 | D:1      | Reached skill level 6 in Stealth
   252 | D:1      | Reached XP level 2. HP: 22/22 MP: 2/2
   589 | D:1      | Reached skill level 7 in Stealth
   827 | D:1      | Reached XP level 3. HP: 27/27 MP: 3/3
  1661 | D:2      | Noticed Sigmund
  1666 | D:2      | Killed Sigmund
  1666 | D:2      | Reached skill level 8 in Stealth
  1666 | D:2      | Reached XP level 4. HP: 34/34 MP: 4/4
  1666 | D:2      | Reached XP level 5. HP: 39/39 MP: 5/5
  2285 | D:3      | Reached skill level 9 in Stealth
  2691 | D:3      | Reached XP level 6. HP: 6/46 MP: 6/6
  3342 | D:4      | Paralysed by an orc wizard for 6 turns
  3345 | D:4      | Killed from afar by an orc priest

Skill      XL: |  1  2  3  4  5 |
---------------+----------------+-----
Stealth        | 6 7 8 9 |  9.4
Fighting       | 2 |  2.6
Short Blades   | 3 |  3.4
Dodging        | 2 |  2.3
Throwing       | |  1.7

Action                   |  1- 3 |  4- 6 || total
-------------------------+-------+-------++-------
Melee: Dagger            |   120 |    60 ||   180
       Bite              |     6 |     1 ||     7
  Use: Potion            |       |     2 ||     2
 Stab: Sleeping          |    16 |    16 ||    32
Armor: Robe              |    22 |     7 ||    29
Dodge: Dodged            |    77 |    35 ||   112
